 Dungeon Crawl Stone Soup version 0.30-a0-857-gcaf70739d4 (console) character file.

Game seed: 9551999653090076997

686 petzl the Magician (level 7, 0/54 HPs)
             Began as a Formicid Delver on Mar 5, 2023.
             Slain by a killer bee (8 damage)
             ... on level 7 of the Dungeon.
             The game lasted 00:13:24 (5073 turns).

petzl the Magician (Formicid Delver)                Turns: 5073, Time: 00:13:25

Health: 0/54       AC:  6    Str: 17    XL:     7   Next: 94%
Magic:  17/17      EV: 11    Int: 11    God:
Gold:   190        SH:  0    Dex: 15    Spells: 20/20 levels left

rFire   . . .      SeeInvis +    b - +0 shortbow
rCold   . . .      Faith    .    (no shield)
rNeg    . . .      Spirit   .    u - +0 ring mail
rPois   .          Reflect  .    (helmet unavailable)
rElec   .          Rampage  .    (no cloak)
rCorr   .                        (no gloves)
Will    .....                    F - +0 pair of boots
Stlth   +++                      (no amulet)
HPRegen 0.29/turn                (no ring)
MPRegen 0.15/turn                (no ring)

@: lethally poisoned (0 -> -2)
A: permanent stasis, dig shafts and tunnels, antennae 3, four strong arms
a: Dig, Shaft Self


You were on level 7 of the Dungeon.
You visited 1 branch of the dungeon, and saw 8 of its levels.

You collected 190 gold pieces.

Inventory:

Hand Weapons
 a - a +1 whip of venom
 b - a +0 shortbow (weapon)
 c - the +5 Force Lance {heavy, knockback}
   (You found it on level 7 of the Dungeon)
Missiles
 n - 59 stones
 x - 7 poisoned darts
 C - a throwing net
Armour
 m - a +0 leather armour
 u - a +0 ring mail (worn)
 w - the +5 chain mail of Fortification {rCorr}
   (You took it off a kobold on level 3 of the Dungeon)

   rCorr:     It protects you from acid and corrosion.
 F - a +0 pair of boots (worn)
 H - an orb of energy
Jewellery
 k - an amulet of reflection
 B - an amulet of regeneration
Wands
 f - a wand of digging (3)
 g - a wand of light (3)
 y - a wand of flame (24)
Scrolls
 d - 3 scrolls of magic mapping
 j - a scroll of amnesia {unknown}
 o - a scroll of vulnerability {unknown}
 p - 2 scrolls of silence {unknown}
 r - 5 scrolls of identify {unknown}
 s - a scroll of poison {unknown}
 t - 2 scrolls of teleportation {unknown}
 v - a scroll of summoning {unknown}
 z - 2 scrolls of enchant armour {unknown}
 E - a scroll of noise {unknown}
 G - a scroll of fog
Potions
 h - a potion of flight {unknown}
 i - a potion of lignification {unknown}
 l - a potion of degeneration {unknown}
 q - a potion of attraction {unknown}
 A - a potion of mutation {unknown}
 D - a potion of curing {unknown}


   Skills:
 + Level 4.0 Fighting
 - Level 2.0 Maces & Flails
 + Level 1.8 Ranged Weapons
 - Level 1.7 Dodging
 - Level 6.0 Stealth
 + Level 7.4 Spellcasting


You had 20 spell levels left.
You didn't know any spells.
Your spell library contained the following spells:

 Spells                   Type           Power      Damage    Failure   Level
 Freeze                   Ice            16%        1d4       30%         1
 Frozen Ramparts          Ice            8%         1d2       67%         3
 Hailstorm                Conj/Ice       4%         3d4       67%         3
 Portal Projectile        Hex/Tloc       8%         N/A       67%         3
 Tukima's Dance           Hex            4%         N/A       67%         3
 Blade Hands              Tmut           2%         N/A       100%        5


Dungeon Overview and Level Annotations

Branches:
Dungeon (8/15)
 Temple: D:4-7         Lair: D:8-11

Altars:
Sif Muna

Annotations:
D:2 exclusion: downstairs
D:3 exclusion: downstairs
D:5 exclusion: downstairs
D:7 exclusion: downstairs


Innate Abilities, Weirdness & Mutations

You cannot be hasted, slowed, berserked, paralysed or teleported.
You can dig through walls and to a lower floor.
You have a pair of large antennae on your head. (SInv)
Your four strong arms can wield two-handed weapons with a shield.


Message History

You are poisoned.
The killer bee poisons you! The killer bee barely misses you. x3
You climb upwards.
Level annotation: exclusion: downstairs You feel very sick.
There is a stone staircase leading down here.
The killer bee attacks as you move away!
The killer bee stings you.
The killer bee attacks as you move away!
The killer bee stings you.
You are more poisoned.
The killer bee poisons you!
The killer bee attacks as you move away!
The killer bee barely misses you.
You feel very sick. The killer bee stings you.
The killer bee closely misses you.
As you read the scroll of fear, it crumbles to dust.
You assume a fearsome visage.
The killer bee looks frightened! x4
You feel very sick.
You feel sick.
Cornered, the killer bee turns to fight!
You feel sick.
Cornered, the killer bee turns to fight!
You feel sick.
You feel sick.
Cornered, the killer bee turns to fight!
The killer bee stings you but does no damage.
You feel sick. The killer bee stings you!
* * * LOW HITPOINT WARNING * * *
Okay, then.
Unknown command.
Okay, then.
Unknown command.
Are you sure you want to shaft yourself?
Okay, then.
Okay, then.
Are you sure you want to shaft yourself?
You feel sick. The killer bee completely misses you.
The killer bee closely misses you. The killer bee stings you!
You die...

... ..... .......
....... ......## ##
......##.# ####.##....#
.........>.#
###.......# ....##.#..#
###.##y#.## #
#......#.. ..
##..#yy#.## ..#
#..#@.#.##...
#............
#..#....#... ##......#
. #######.# #...# #.#
#.#.###.# #.....#.#
#.....#.# ##.####.# ##
.. #.......# #..Y.
########.#.#.# #.#.#
#..........#.#### #.#{#
#......#.........
#.#.##
##.....#>....######.#..
#....####...........#
#....# #..#######..# {
{ #....# #...†.......#
{{ #....# #.#########.#


You could see 3 killer bees.

Vanquished Creatures
  A yak (D:7)
  A centaur (D:5)
  A phantom (D:7)
  A scorpion (D:5)
  2 hounds
  An orc priest (D:2)
  Jessica (D:3)
  7 gnolls
  7 adders
  2 worms (D:2)
  2 orcs
  4 endoplasms
  5 giant cockroaches
  6 goblins
  2 hobgoblins
  8 jackals
  4 quokkas
  7 ball pythons
  6 bats
  4 frilled lizards
  12 kobolds
  5 rats (D:2)
89 creatures vanquished.

Notes
Turn   | Place    | Note
-------+----------+-------------------------------------------
     0 | D:5      | petzl the Formicid Delver began the quest for the Orb.
     0 | D:5      | Reached XP level 1. HP: 18/18 MP: 1/1
    52 | D:5      | Noticed a quasit
    54 | D:5      | Noticed a quasit
    54 | D:5      | Noticed a quasit
    94 | D:5      | Noticed a scorpion
   169 | D:4      | Noticed a hound
   221 | D:3      | Noticed an orc priest
   222 | D:3      | Found a faded altar of an unknown god.
   232 | D:2      | Reached skill level 1 in Spellcasting
   315 | D:1      | Reached XP level 2. HP: 24/24 MP: 4/4
   422 | D:1      | Reached skill level 2 in Spellcasting
   513 | D:1      | Reached XP level 3. HP: 25/29 MP: 6/6
   947 | D:2      | Reached skill level 3 in Spellcasting
  1114 | D:2      | Reached XP level 4. HP: 24/35 MP: 9/9
  1873 | D:2      | HP: 1/35 [orc priest/+0 falchion (2)]
  1874 | D:2      | You fall into a shaft and drop 1 floor!
  1963 | D:3      | Reached skill level 4 in Spellcasting
  1979 | D:3      | Identified the +5 chain mail of Fortification {rCorr}
  2069 | D:2      | Reached XP level 5. HP: 13/41 MP: 11/11
  2555 | D:2      | Reached skill level 5 in Spellcasting
  2795 | D:3      | You fall into a shaft and drop 2 floors!
  2894 | D:6      | Noticed an ice beast
  3106 | D:4      | Reached XP level 6. HP: 43/47 MP: 14/14
  3260 | D:3      | Noticed Jessica
  3266 | D:3      | Killed Jessica
  3273 | D:3      | Found a shimmering blue altar of Sif Muna.
  3701 | D:4      | Reached skill level 6 in Spellcasting
  4381 | D:5      | Noticed an ogre
  4521 | D:5      | Reached XP level 7. HP: 49/52 MP: 16/16
  4547 | D:5      | Reached skill level 7 in Spellcasting
  4600 | D:5      | HP: 2/52 [ogre/+0 giant spiked club (22)]
  4603 | D:5      | You fall into a shaft and drop 2 floors!
  4603 | D:7      | Found the +5 Force Lance {heavy, knockback}
  4880 | D:7      | Noticed a yak
  4881 | D:7      | Noticed a yak
  4903 | D:7      | Killed a yak
  4904 | D:7      | Reached skill level 1 in Ranged Weapons
  5073 | D:7      | Slain by a killer bee

Illustrated notes

Levels and vault maps discovered:
D:1:      dpeg_arrival_renting, layout_rooms, minivault_4
D:2:      layout_basic
D:3:      layout_rooms, tgw_sif, hellmonk_ecumenical_altar_pennies_from_heaven,
          uniq_jessica
D:4:      layout_gridville
D:5:      cheibrodos_quashed, layout_cave_pods,
          gammafunk_temple_overflow_elements, nicolae_elevator_lobby_plus
D:6:      layout_loops_ring, minmay_fractal_squares_5
D:7:      layout_basic, minmay_temple_entry_poolview,
          ebering_ghost_disaster_area, minivault_19
D:8:      layout_cave_pools, mainiacjoe_overflow_brackets, minmay_checkerbox

Skill      XL: |  1  2  3  4  5  6  7 |
---------------+----------------------+-----
Spellcasting   | 1 2 3 4 5 6 7 |  7.4
Fighting       | 4 |  4.0
Ranged Weapons | 1 |  1.8
Maces & Flails | |  2.0
Dodging        | |  1.7
Stealth        | |  6.0

Action                     |  1- 3 |  4- 6 |  7- 9 || total
---------------------------+-------+-------+-------++-------
  Melee: Mace              |    33 |       |       ||    33
         Whip              |    58 |   168 |    14 ||   240
         Punch             |     1 |     3 |       ||     4
         Lance             |       |       |     9 ||     9
   Fire: Shortbow          |       |       |     7 ||     7
  Throw: Dart              |       |     3 |       ||     3
         Stone             |       |     4 |       ||     4
Ability: Shaft Self        |       |     2 |     2 ||     4
  Evoke: Wand              |       |     6 |       ||     6
    Use: Scroll            |       |       |     1 ||     1
   Stab: Sleeping          |     8 |     7 |       ||    15
 Armour: Leather armour    |    15 |       |       ||    15
         Ring mail         |    14 |    56 |    13 ||    83
  Dodge: Dodged            |    52 |   115 |    24 ||   191

Table legend: (Time is in decaauts)
 A = Elapsed time spent in this place.
 B = Non-inter-level travel time spent in this place.
 C = Inter-level travel time spent in this place.
 D = Time resting spent in this place.
 E = Time spent auto-exploring this place.
 F = Levels seen in this place.
 G = Mean time per level.
                   A        B        C        D        E       F      G
               +--------+--------+--------+--------+--------+-----+--------+
         Total |   5098 |   4668 |    430 |   1140 |   2229 |   8 |  637.2 |
       Dungeon |   5098 |   4668 |    430 |   1140 |   2229 |   8 |  637.2 |
               +--------+--------+--------+--------+--------+-----+--------+

Top non-repeatable levels by time:
     D:2: 1640 daAuts
     D:4: 1104 daAuts
     D:5: 673 daAuts
     D:3: 671 daAuts
     D:1: 532 daAuts
     D:7: 470 daAuts
     D:8: 3 daAuts
     D:6: 1 daAuts
